 Dungeon Crawl Stone Soup version 0.28-a0-1235-g7c8fac35f0 (webtiles) character file.

Game seed: 6642167234594850807

2355 Gwenloh the Cleaver (level 9, 0/81 HPs)
             Began as a Hill Orc Fighter on Dec 25, 2021.
             Was an Initiate of Beogh.
             Slain by an orc warrior (13 damage)
             ... on level 7 of the Dungeon.
             The game lasted 00:14:26 (6826 turns).

Gwenloh the Cleaver (Hill Orc Fighter)              Turns: 6826, Time: 00:14:28

Health: 0/81       AC: 13    Str: 19    XL:     9   Next: 44%
Magic:  12/12      EV: 11    Int:  8    God:    Beogh [......]
Gold:   270        SH:  5    Dex: 14    Spells: 8/8 levels left

rFire   . . .      SeeInvis .   a - +0 war axe
rCold   . . .      Faith    .   c - +0 buckler
rNeg    . . .      Spirit   .   r - +0 chain mail
rPois   .          Reflect  .   (no helmet)
rElec   .          Harm     .   f - +0 cloak
rCorr   .          Rampage  .   (no gloves)
Will    .....                   A - +0 pair of boots
Stlth   ..........              (no amulet)
HPRegen 0.23/turn               j - +4 ring of evasion
MPRegen 0.13/turn               (no ring)

@: no status effects
A: no striking features
a: Renounce Religion


You were on level 7 of the Dungeon.
You worshipped Beogh.
Beogh was noncommittal.
You visited 1 branch of the dungeon, and saw 7 of its levels.

You collected 312 gold pieces.
You spent 42 gold pieces at shops.

Inventory:

Hand Weapons
 a - a +0 war axe (weapon)
 b - a +0 fustibalus
 o - a +0 hunting sling of freezing
Missiles
 e - 150 stones
 g - 11 boomerangs (quivered)
 k - 33 bolts
 q - 53 sling bullets
Armour
 c - a +0 buckler (worn)
 f - a +0 cloak (worn)
 l - a +0 scale mail
 r - a +0 chain mail (worn)
 A - a +0 pair of boots (worn)
Jewellery
 j - a +4 ring of evasion (left hand)
 w - an amulet of regeneration
Wands
 i - a wand of iceblast (2)
 u - a wand of polymorph (9)
 v - a wand of mindburst (18)
Scrolls
 d - a scroll of silence {unknown}
 h - 3 scrolls of identify {unknown}
 m - 3 scrolls of teleportation {unknown}
 n - a scroll of vulnerability {unknown}
 p - 2 scrolls of amnesia {unknown}
 t - a scroll of blinking {unknown}
 y - a scroll of torment {unknown}
Potions
 s - a potion of curing
 x - 2 potions of degeneration {unknown}
 z - a potion of lignification {unknown}


   Skills:
 + Level 7.9 Fighting
 + Level 8.2 Axes
 + Level 4.6 Slings
 + Level 7.3 Armour
 - Level 4.4 Shields
 + Level 4.3 Invocations


You had 8 spell levels left.
You didn't know any spells.
Your spell library contained the following spells:

 Spells                   Type           Power      Damage    Failure   Level
 Slow                     Hex            0%         N/A       98%         1
 Confusing Touch          Hex            0%         N/A       100%        3
 Yara's Violent Unravell  Hex/Tmut       0%         3d3       100%        5


Dungeon Overview and Level Annotations

Branches:
Dungeon (7/15)             Temple (0/1) D:6

Altars:
Kikubaaqudgha

Shops:
D:4 !


Message History

You block the orc priest's attack.
You barely miss the orc priest. You closely miss the orc warrior.
You closely miss something. Something hits you but does no damage.
The orc warrior hits you with a +0 mace.
The orc priest hits you but does no damage.
You closely miss the orc priest. You completely miss something.
You closely miss the orc warrior.
You hear some strange, mumbled words.
Something tries to affect you, but you resist.
The orc warrior hits you with a +0 mace!
The orc priest mumbles some strange prayers to Beogh against you.
Pain shoots through your body!
You closely miss the orc priest.
You hit the orc warrior but do no damage.
You barely miss something. Something hits you but does no damage.
The orc warrior closely misses you.
The orc priest calls down the wrath of Beogh upon you.
Beogh smites you!
* * * LOW HITPOINT WARNING * * *
You slash the orc priest!
The orc priest is severely wounded.
You hit the orc warrior but do no damage.
You closely miss something. You block something's attack.
The orc warrior hits you with a +0 mace.
* * * LOW HITPOINT WARNING * * *
The orc priest invokes the aid of Beogh against you.
You struggle to resist.
You closely miss the orc priest.
The orc priest is severely wounded.
You barely miss the orc warrior. You barely miss something.
You hear some strange, mumbled words.
A puff of flame appears from out of thin air!
The puff of flame misses you.
The puff of flame hits the orc warrior.
The orc warrior hits you with a +0 mace!
* * * LOW HITPOINT WARNING * * *
The orc priest begins to cast a cantrip, but forgets the words!
Something hits you but does no damage.
The orc warrior hits you with a +0 mace!
You die...
Beogh appreciates the orc warrior's killing of a heretic priest.

###### #....# # #########
#....# #. #.......# #....#
#.. #.......# #....# #...
#.......# #....#
#...o#{......# #....#
#..ooo@......#
###....#########o.###### #
..####........##..######.#
..# #....#....#.........#
..# #..>.#....#.........#
..# #....#....'.).......#
..####....#.####..####+###
##......###.# ####
...#....+ ...


You could see an orc warrior, an orc priest and 3 orcs.

Vanquished Creatures
  A troll (D:5)
  Sigmund (D:4)
  2 ice beasts (D:6)
  A sky beast (D:6)
  2 black bears (D:6)
  A centaur (D:7)
  4 ogres
  A phantom (D:7)
  A gnoll sergeant (D:7)
  A scorpion (D:6)
  2 wyvern zombies (D:7)
  A bullfrog zombie (D:5)
  A jelly (D:6)
  A centaur zombie (D:5)
  2 hounds
  A gnoll shaman (D:6)
  A centaur skeleton (D:7)
  An orc priest (D:6)
  An iguana (D:5)
  3 orc wizards
  2 hound skeletons (D:4)
  A howler monkey zombie (D:7)
  8 adders
  16 gnolls
  2 white imps
  3 ufetubi
  An adder skeleton (D:4)
  A worm (D:4)
  A dart slug (D:3)
  16 orcs
  4 endoplasms
  3 giant cockroaches
  12 goblins
  3 hobgoblins
  7 jackals
  A quokka (D:4)
  5 ball pythons
  6 bats
  4 frilled lizards
  8 kobolds
  3 rats
136 creatures vanquished.

Vanquished Creatures (others)
  An orc wizard (D:7)
1 creature vanquished.

Grand Total: 137 creatures vanquished

Notes
Turn   | Place    | Note
-------+----------+-------------------------------------------
     0 | D:1      | Gwenloh the Hill Orc Fighter began the quest for the Orb.
     0 | D:1      | Reached XP level 1. HP: 19/19 MP: 1/1
   297 | D:1      | Reached XP level 2. HP: 26/27 MP: 2/2
   314 | D:1      | Reached skill level 3 in Axes
   314 | D:1      | Found a faded altar of an unknown god.
   877 | D:1      | Reached XP level 3. HP: 33/33 MP: 3/3
  1512 | D:2      | Reached XP level 4. HP: 40/40 MP: 4/4
  2101 | D:3      | Noticed an ogre
  2115 | D:3      | HP: 1/41 [ogre (20)]
  2118 | D:3      | Killed an ogre
  2119 | D:3      | Reached skill level 4 in Axes
  2119 | D:3      | Reached XP level 5. HP: 2/47 MP: 5/5
  2924 | D:3      | Reached skill level 5 in Fighting
  2924 | D:3      | Reached XP level 6. HP: 53/56 MP: 6/6
  3003 | D:4      | Noticed Sigmund
  3121 | D:4      | Reached skill level 1 in Slings
  3170 | D:4      | Killed Sigmund
  3171 | D:4      | Reached skill level 5 in Axes
  3171 | D:4      | Reached skill level 5 in Armour
  3171 | D:4      | Reached XP level 7. HP: 43/61 MP: 7/7
  3326 | D:4      | Found Tigaank's Distillery.
  3364 | D:4      | Bought a potion of curing for 42 gold pieces
  3690 | D:4      | Found an ancient bone altar of Kikubaaqudgha.
  3743 | D:5      | Entered Level 5 of the Dungeon
  3945 | D:5      | Noticed a troll
  3961 | D:5      | Killed a troll
  3962 | D:5      | Reached skill level 6 in Axes
  4356 | D:5      | Reached XP level 8. HP: 67/70 MP: 8/8
  5028 | D:6      | Found a staircase to the Ecumenical Temple.
  5029 | D:6      | Became a worshipper of Beogh the Brigand
  5260 | D:6      | Reached skill level 7 in Axes
  5260 | D:6      | Reached skill level 1 in Invocations
  5851 | D:6      | Reached XP level 9. HP: 59/79 MP: 11/11
  6500 | D:7      | Reached skill level 8 in Axes
  6826 | D:7      | Slain by an orc warrior

Illustrated notes

Levels and vault maps discovered:
D:1:      dpeg_arrival_signposts, layout_basic, basic_ecumenical_altar
D:2:      layout_loops_corners, fountainhead
D:3:      layout_basic, minivault_5
D:4:      layout_basic, mainiacjoe_overflow_alcove_1, serial_shops, shop,
          st_stairs_5, minmay_misc_feat_room, uniq_sigmund
D:5:      layout_loops_ring
D:6:      layout_loops_corners, minmay_temple_entry_proselytizer, serial_glass,
          glass_columns_a, glass_columns_a
D:7:      layout_gridville

Skill      XL: |  1  2  3  4  5  6  7  8  9 |
---------------+----------------------------+-----
Axes           | 3 4 5 6 7 8 |  8.2
Fighting       | 4 5 6 7 |  7.9
Shields        | 4 |  4.4
Armour         | 4 5 6 7 |  7.3
Slings         | 1 2 4 |  4.6
Invocations    | 3 4 |  4.3

Action                   |  1- 3 |  4- 6 |  7- 9 || total
-------------------------+-------+-------+-------++-------
Melee: War axe           |    95 |    65 |   218 ||   378
 Fire: Fustibalus        |       |    57 |   127 ||   184
       Hunting sling     |       |    11 |       ||    11
Throw: Stone             |    36 |     5 |       ||    41
       Boomerang         |       |       |     9 ||     9
Invok: Convert to Beogh  |       |       |     1 ||     1
  Use: Potion            |       |       |     1 ||     1
Armor: Scale mail        |    43 |     7 |       ||    50
       Chain mail        |       |    11 |   127 ||   138
Dodge: Dodged            |    41 |    48 |   136 ||   225
Block: Buckler           |    27 |    10 |    59 ||    96

Table legend: (Time is in decaauts)
 A = Elapsed time spent in this place.
 B = Non-inter-level travel time spent in this place.
 C = Inter-level travel time spent in this place.
 D = Time resting spent in this place.
 E = Time spent auto-exploring this place.
 F = Levels seen in this place.
 G = Mean time per level.
                   A        B        C        D        E       F      G
               +--------+--------+--------+--------+--------+-----+--------+
         Total |   6928 |   6761 |    167 |    240 |   5242 |   7 |  989.7 |
       Dungeon |   6928 |   6761 |    167 |    240 |   5242 |   7 |  989.7 |
               +--------+--------+--------+--------+--------+-----+--------+

Top non-repeatable levels by time:
     D:6: 1428 daAuts
     D:3: 1190 daAuts
     D:5: 1120 daAuts
     D:1: 996 daAuts
     D:2: 916 daAuts
     D:4: 714 daAuts
     D:7: 561 daAuts
